Map: Orbital Shipyard

Players

LilDicky - Winner!

  • Race: Terran Terran
  • League: Platinum

Axe

  • Race: Terran Terran
  • League: Platinum

VOD

http://www.twitch.tv/tumescentpie

Description

Time

  • Played on: Nov. 20, 2015, 11:20 a.m.
  • Length: 13:48
Show
View Real Time Build Order
Export as new Build Order

LilDicky Terran - Winner!

Build Orders: Command Center First (CC), MMM Bio 

Get SALT Encoding   

  12  0:01  SCV  
  13  0:13  SCV  
  14  0:18  Supply Depot  
  14  0:26  SCV  
  15  0:39  SCV  
  16  0:51  SCV  
  17  1:02  Command Center  
  17  1:03  SCV  
  18  1:15  SCV  
  19  1:19  Barracks  
  19  1:28  SCV  
  20  1:40  SCV  
  21  1:52  SCV  
  22  2:04  SCV  
  23  2:12  Supply Depot  
  23  2:13  Marine  
  24  2:16  Refinery, Orbital Command  
  24  2:17  Refinery, Orbital Command  
  24  2:21  Refinery  
  24  2:36  Marine  
  25  2:44  SCV  
  25  2:48  SCV  
  27  2:54  Marine  
  27  2:57  Command Center, SCV  
  29  3:01  SCV  
  30  3:12  SCV  
  31  3:19  Factory  
  31  3:27  Barracks  
  31  3:28  Barracks  
  31  3:29  SCV  
  31  3:30  SCV, Barracks Tech Lab  
  33  3:41  SCV  
  34  3:51  Stimpack  
  34  3:54  Marine  
  34  3:55  SCV  
  36  3:56  SCV  
  36  3:58  Supply Depot  
  36  4:02  Factory Reactor  
  37  4:05  Starport  
  37  4:07  SCV  
  38  4:12  Marine  
  39  4:17  Barracks Reactor, Barracks Tech Lab  
  39  4:21  Bunker  
  39  4:23  SCV  
  40  4:25  Supply Depot  
  40  4:29  Supply Depot  
  40  4:30  SCV, Marine  
  42  4:32  Orbital Command  
  42  4:35  SCV  
  43  4:42  Combat Shields  
  43  4:43  Marine  
  43  4:45  SCV  
  45  4:47  Factory Tech Lab, Marine  
  44  4:54  Engineering Bay  
  44  4:57  Marine x2  
  44  4:59  SCV  
  46  5:00  SCV x2  
  46  5:01  Marine  
  46  5:05  Marine  
  47  5:12  SCV x3  
  49  5:18  Marine x2  
  51  5:22  Missile Turret, Marine  
  51  5:24  SCV  
  51  5:25  SCV  
  51  5:39  Missile Turret  
  51  5:43  SCV  
  51  5:44  SCV  
  53  5:50  Siege Tank  
  53  5:51  Medivac x2  
  53  5:56  Marine x2  
  53  5:57  Marauder  
  64  5:58  SCV x2  
  64  5:59  SCV  
  67  6:10  SCV x2  
  69  6:12  SCV, Barracks  
  70  6:19  Terran Infantry Armor Level 1  
  70  6:21  Engineering Bay, Missile Turret  
  70  6:22  SCV  
  70  6:23  Marine  
  70  6:25  Armory  
  72  6:29  Siege Tank  
  72  6:30  Viking  
  72  6:32  SCV  
  78  6:35  SCV  
  78  6:36  SCV  
  78  6:38  Missile Turret  
  75  7:12  Marine x2  
  75  7:13  Siege Tank, Marauder x2  
  75  7:14  Medivac  
  84  7:18  Supply Depot  
  84  7:20  SCV  
  85  7:25  SCV  
  85  7:27  Medivac  
  83  7:34  Supply Depot  
  83  7:36  Supply Depot  
  79  7:46  Marine x2  
  79  7:47  Marauder  
  79  7:48  Marauder  
  79  7:49  Barracks Reactor  
  85  7:54  Barracks  
  81  8:26  Marine x2  
  80  8:27  Marauder  
  80  8:30  Marine  
  80  8:32  Marine x2  
  84  8:34  SCV  
  84  8:38  SCV x2  
  86  8:43  Command Center x2, Barracks Tech Lab  
  86  8:44  Command Center  
  86  8:45  Medivac x2  
  86  8:48  Siege Tank, Marauder  
  95  8:49  Barracks  
  95  8:54  Refinery  
  95  8:57  Barracks x4  
  95  8:59  Barracks  
  95  9:02  Missile Turret  
  95  9:04  Supply Depot, Marine x2  
  95  9:05  Marauder  
  95  9:09  Refinery  
  94  9:15  Missile Turret, Medivac  
  94  9:16  Marine x2  
  84  9:17  Marine  
  84  9:18  Marauder  
  83  9:24  Marine  
  83  9:25  Marine  
  83  9:26  Marauder  
  84  9:34  Marine  
  84  9:35  Marauder, Marine  
  84  9:37  Siege Tank  
  90  9:38  Marine  
  90  9:48  Marauder  
  90  9:49  Marine  
  90  9:50  Marine  
  94  9:56  Marauder  
  94  9:57  Marauder  
  96  10:00  Marine  
  96  10:03  SCV  
  96  10:04  Marine  
  99  10:07  Marine x3  
  99  10:09  Siege Tank, Marauder  
  107  10:18  Marauder x2  
  107  10:19  Marine x2  
  107  10:20  Marine  
  113  10:31  Marauder  
  115  10:39  Marauder x2  
  119  10:44  Orbital Command  
  113  10:55  Marine  
  114  10:58  Marine x2  
  114  10:59  Marauder, Marine x5  
  123  11:07  Siege Tank  
  121  11:12  Supply Depot  
  121  11:13  Supply Depot  
  121  11:15  Supply Depot  
  107  11:21  Marine x2  
  107  11:22  Marine x2  
  107  11:23  Marauder x2  
  109  11:30  Marine x2  
  109  11:32  Marine  
  105  11:33  Marauder  
  107  11:42  Command Center  
  107  11:44  Marauder  
  109  11:51  SCV x3  
  112  11:58  Marine x2  
  112  11:59  Marauder x2  
  112  12:01  Siege Tank  
  121  12:03  SCV x3, Medivac x2  
  121  12:07  Refinery  
  128  12:09  Marauder, Marine x2  
  128  12:10  Missile Turret x4  
  128  12:15  SCV  
  133  12:21  Marauder  
  135  12:28  Marine x2  
  135  12:29  Marauder  
  139  12:33  Medivac  
  139  12:35  Marine x2  
  139  12:36  Marauder  
  124  12:39  Marine  
  124  12:40  Marine  
  124  12:42  Marauder  
  117  12:50  Marauder  
  104  12:56  Marine  
  104  12:57  Marine  
  104  12:58  Medivac  
  107  13:17  Marine x2  
  107  13:18  Marauder, Marine  
Show
View Real Time Build Order
Export as new Build Order

Axe Terran 

Build Orders: Banshee Rush 

Get SALT Encoding   

  12  0:01  SCV  
  13  0:13  SCV  
  14  0:17  Supply Depot  
  14  0:25  SCV  
  15  0:39  SCV  
  15  0:40  Barracks  
  16  0:45  Refinery  
  16  0:51  SCV  
  17  1:03  SCV  
  18  1:18  SCV  
  19  1:32  Orbital Command  
  20  1:40  Marine  
  20  1:44  Command Center  
  19  1:56  Factory  
  19  1:58  Marine  
  20  2:03  SCV  
  21  2:16  Supply Depot, Marine  
  21  2:17  SCV  
  23  2:35  Refinery  
  23  2:37  Marine  
  23  2:38  SCV  
  23  2:40  Starport  
  23  2:43  Factory Tech Lab  
  25  2:50  SCV  
  26  2:53  Supply Depot  
  26  2:55  Marine  
  26  2:56  Orbital Command  
  27  3:02  SCV  
  28  3:13  Marine  
  28  3:14  SCV  
  30  3:22  SCV  
  31  3:27  Banshee  
  31  3:30  Cloaking Field  
  31  3:33  Barracks Reactor  
  34  3:35  SCV x2  
  34  3:39  Factory Tech Lab  
  36  3:47  SCV x2, Supply Depot  
  38  3:59  SCV x2  
  40  4:03  Siege Tank  
  40  4:09  Marine x2  
  43  4:10  Supply Depot  
  43  4:11  SCV  
  43  4:16  SCV  
  47  4:21  Viking  
  49  4:24  SCV  
  49  4:27  Marine x2  
  49  4:29  SCV  
  53  4:32  Supply Depot  
  53  4:36  SCV  
  54  4:39  Siege Tank  
  54  4:42  SCV  
  54  4:45  Marine x2  
  59  4:48  SCV  
  61  4:54  SCV  
  61  4:57  Supply Depot  
  62  5:00  SCV  
  62  5:03  Marine x2  
  62  5:06  SCV  
  66  5:12  SCV  
  67  5:18  Command Center, Siege Tank  
  67  5:20  Barracks  
  67  5:21  Barracks, Marine x2  
  71  5:22  SCV  
  73  5:40  SCV  
  73  5:42  Refinery x2  
  74  5:43  Supply Depot, Engineering Bay x2  
  74  5:50  Starport Reactor  
  74  5:53  Barracks  
  74  6:00  Marine x2  
  76  6:04  Siege Tank  
  76  6:09  Supply Depot  
  76  6:11  Supply Depot  
  79  6:13  Barracks Tech Lab  
  79  6:14  Barracks Reactor  
  79  6:16  Terran Infantry Weapons Level 1  
  79  6:17  Barracks  
  79  6:18  Marine  
  80  6:43  Marine  
  80  6:44  Marine x3  
  80  6:45  Siege Tank, Medivac  
  88  6:51  Medivac  
  89  7:02  Marauder x2  
  89  7:05  Marine x2  
  89  7:08  Marine x3  
  95  7:10  Orbital Command  
  95  7:11  SCV x2  
  99  7:23  Marine  
  99  7:24  Marauder x2  
  99  7:28  Marine x4  
  108  7:40  Marine  
  104  7:45  Marauder x2  
  104  7:46  Marine x3  
  111  7:56  Marine  
  111  7:57  Siege Tank, Medivac x2  
  119  7:58  Marine  
  119  8:03  Marine x2  
  119  8:06  Marauder, Marine  
  119  8:07  Marauder  
  119  8:09  Stimpack  
  116  8:13  Marine  
  116  8:16  Marine  
  116  8:21  Marine x2  
  116  8:23  SCV x3, Marine  
  122  8:27  Marine  
  122  8:28  Marauder  
  122  8:30  Siege Tank  
  125  8:34  Marine x2  
  125  8:36  Armory  
  125  8:39  Supply Depot, Marine  
  125  8:41  Supply Depot  
  125  8:44  Supply Depot  
  125  8:46  Supply Depot  
  125  8:47  Supply Depot, Terran Infantry Armor Level 1  
  125  9:00  Marine x4  
  125  9:01  SCV x3, Supply Depot  
  132  9:02  Medivac  
  132  9:07  Supply Depot  
  127  9:13  SCV, Marine  
  127  9:14  Marauder  
  123  9:18  Marine x2  
  123  9:19  Marauder  
  123  9:22  Marine  
  123  9:24  Barracks Reactor  
  126  9:31  Marine  
  126  9:35  Marauder  
  126  9:36  Marine x2  
  131  9:39  Marine  
  131  9:40  SCV x2, Marauder  
  131  9:44  Refinery x2  
  136  9:49  Marine  
  137  9:54  Marine  
  137  9:56  Marauder  
  140  10:02  Marauder  
  142  10:07  SCV, Marine  
  142  10:08  Marine x4  
  142  10:12  Marine  
  149  10:14  Command Center  
  149  10:17  Medivac  
  149  10:18  SCV, Marauder  
  154  10:23  Marauder  
  154  10:25  Marine x2  
  154  10:26  Marine  
  159  10:28  Barracks  
  157  10:38  Marine x3  
  157  10:39  Marauder  
  162  10:44  Marauder  
  159  10:53  Marine  
  159  10:56  Marine x3  
  159  10:57  Reaper  
  155  10:58  Marine  
  155  11:01  Marauder  
  154  11:06  Marauder  
  154  11:09  Orbital Command  
  154  11:10  Orbital Command  
  145  11:13  Marine  
  145  11:14  Marine x2  
  145  11:15  Marine  
  147  11:18  Orbital Command  
  147  11:20  Barracks Reactor  
  147  11:22  Marauder  
  145  11:27  Marauder  
  145  11:31  Marine  
  134  11:43  Marauder  
  136  11:49  Marauder  
  138  12:00  SCV x2  
  140  12:05  Marauder  
  142  12:10  Marauder  
  144  12:16  Marine  
  144  12:17  SCV  
  144  12:19  Marine  
  147  12:24  Marine  
  147  12:25  Marine  
  147  12:26  Marauder  
  147  12:29  Supply Depot, Marine  
  151  12:30  Marine  
  151  12:31  Supply Depot, Marauder  
  151  12:34  Marine  
  146  12:38  Marine  
  146  12:41  Hellion  
  146  12:42  Marine  
  151  12:47  Marine  
  151  12:48  Marauder  
  135  12:53  Marine  
  135  12:56  Marine  
  127  13:00  Marine  
  127  13:05  Marine  
  129  13:11  Marine  
  122  13:14  Marine  
  122  13:16  Marine  
  122  13:18  Marine  
Tags
 
Add a new tag
Caveats
  • Supply blocks, unpowered buildings, or Contaminate may cause inaccurate times.
  • Supply counts are checked every 10 seconds.